 Dungeon Crawl Stone Soup version 0.18.1-48-g4cf74bf (webtiles) character file.

88 Gargoyl the Skirmisher (level 4, -2/37 HPs)
             Began as a Demonspawn Abyssal Knight on July 7, 2016.
             Was a Believer of Lugonu.
             Slain by Grinder (3 damage)
             ... while paralysed by Grinder
             ... on level 4 of the Dungeon.
             The game lasted 00:04:54 (2765 turns).

Gargoyl the Skirmisher (Demonspawn Abyssal Knight)  Turns: 2765, Time: 00:04:56

Health: -2/37      AC:  8    Str: 12 (15) XL:     4   Next: 29%
Magic:  5/5        EV:  2    Int: 16 (19) God:    Lugonu [**....]
Gold:   67         SH:  0    Dex: 10 (12) Spells: 0 memorised, 3 levels left

rFire  . . .     SeeInvis .     a - +1 hand axe
rCold  . . .     Gourm    .     s - +0 chain mail
rNeg   . . .     Faith    .     (no shield)
rPois  +         Spirit   .     (no helmet)
rElec  .         Dismiss  .     (no cloak)
rCorr  .         Reflect  +     (no gloves)
SustAt .         Harm     .     (no boots)
MR     .....     Rnd*Tele +     x - +3 amulet of reflection
Stlth  ..........               h - ring of poison resistance
                                d - ring of poison resistance

@: paralysed, brilliant, exhausted, very slightly contaminated, not resistant to
hostile enchantments, extremely unstealthy
A: talons 2, strong 1, teleportitis 1, rot immunity
a: Depart the Abyss, Bend Space, Renounce Religion


You were on level 4 of the Dungeon.
You worshipped Lugonu.
Lugonu was pleased with you.
You were very hungry.

You visited 1 branch of the dungeon, and saw 4 of its levels.
You visited the Abyss 1 time.

You collected 67 gold pieces.

Inventory:

Hand Weapons
 a - a +1 hand axe (weapon)
Armour
 s - a +0 chain mail (worn)
Jewellery
 d - a ring of poison resistance (left hand)
 g - an uncursed ring of see invisible
 h - a ring of poison resistance (right hand)
 x - a +3 amulet of reflection (around neck)
Scrolls
 e - 3 scrolls of identify
 j - 2 scrolls of amnesia {unknown}
 k - 2 scrolls of blinking {unknown}
 l - 2 scrolls of random uselessness {unknown}
 t - a scroll of remove curse {unknown}
 v - a scroll of fear {unknown}
Potions
 i - 5 potions of lignification
 m - a potion of degeneration
 p - a potion of flight
Comestibles
 c - 3 bread rations
 f - 3 meat rations
 w - a chunk of flesh


   Skills:
 + Level 4.0 Fighting
 + Level 2.4 Axes
 * Level 2.5 Armour
 + Level 1.3 Dodging
 + Level 2.4 Invocations


You had 3 spell levels left.
You didn't know any spells.

Dungeon Overview and Level Annotations

Branches:
Dungeon (4/15)
 Temple: D:4-7

Altars:
Ashenzari

Annotations:
D:3 tschems's ghost, amateur HuNe
D:4 Grinder


Innate Abilities, Weirdness & Mutations

You have razor-sharp toenails.
You are immune to rotting.
Your muscles are strong. (Str +2)
You are occasionally teleported next to monsters.


Message History

It was a potion of brilliance.
You feel clever all of a sudden. Grinder gestures at you.
You resist with significant effort. Grinder hits you.
* * * LOW HITPOINT WARNING * * *
You writhe in agony.
* * * LOW HITPOINT WARNING * * *
Drink which item? (? for menu, Esc to quit)
You feel better.
You feel yourself speed up. Grinder gestures at you.
Pain shoots through your body!
* * * LOW HITPOINT WARNING * * *
You hit Grinder. You claw Grinder.
Grinder is severely wounded.
Grinder gestures at you.
You suddenly lose the ability to move!
Grinder hits you.
* * * LOW HITPOINT WARNING * * *
You writhe in agony.
You die...

..#####+#######
.......@......#
.......5......#
...............
...............
...............
...............
...............
..#############


You could see Grinder.

Vanquished Creatures
  4 adders
  A worm (D:3)
  A bat (D:2)
  8 giant cockroaches
  5 goblins
  9 hobgoblins
  3 jackals (D:3)
  A quokka (D:2)
  2 ball pythons
  A giant newt (D:1)
  4 kobolds
  5 rats
44 creatures vanquished.

Notes
Turn   | Place    | Note
--------------------------------------------------------------
     0 | Abyss:1  | Gargoyl the Demonspawn Abyssal Knight began the quest for the Orb.
     0 | Abyss:1  | Reached XP level 1. HP: 18/18 MP: 2/2
   182 | Abyss:1  | Noticed a large abomination
   194 | Abyss:1  | Noticed a great orb of eyes
   195 | Abyss:1  | Paralysed by a great orb of eyes for 6 turns
   201 | D:1      | Escaped the Abyss
   369 | D:1      | Reached skill level 1 in Dodging
   374 | D:1      | Reached * piety under Lugonu
   519 | D:1      | Gained mutation: You have sharp toenails. [demonic ancestry]
   519 | D:1      | Reached XP level 2. HP: 24/24 MP: 3/3
  1516 | D:2      | Gained mutation: You are immune to rotting. [demonic ancestry]
  1516 | D:2      | Reached XP level 3. HP: 12/30 MP: 4/4
  1936 | D:2      | Reached skill level 4 in Fighting
  2000 | D:2      | Found a shattered altar of Ashenzari.
  2510 | D:3      | Reached ** piety under Lugonu
  2673 | D:3      | Gained mutation: You have razor-sharp toenails. [demonic ancestry]
  2673 | D:3      | Reached XP level 4. HP: 28/37 MP: 5/5
  2714 | D:3      | Noticed tschems's ghost (amateur HuNe)
  2724 | D:4      | Noticed Grinder
  2733 | D:4      | Gained mutation: Your muscles are strong. (Str +2) [potion of mutation]
  2733 | D:4      | Gained mutation: You are occasionally teleported next to monsters. [potion of mutation]
  2736 | D:4      | Paralysed by Grinder for 2 turns
  2757 | D:4      | Paralysed by Grinder for 6 turns
  2765 | D:4      | Paralysed by Grinder for 7 turns
  2765 | D:4      | HP: 1/37 [Grinder (6)]
  2765 | D:4      | Slain by Grinder

Skill      XL: |  1  2  3 |
---------------+----------+-----
Dodging        | 1 |  1.3
Axes           | 2 |  2.4
Armour         | 2 |  2.5
Fighting       | 4 |  4.0
Invocations    | |  2.4

Action                   |  1- 3 |  4- 6 || total
-------------------------+-------+-------++-------
Melee: Hand axe          |   175 |    48 ||   223
       Kick              |    26 |     9 ||    35
Invok: Depart the Abyss  |     1 |       ||     1
  Use: Scroll            |     2 |       ||     2
       Potion            |       |    11 ||    11
  Eat: Chunk             |     6 |       ||     6
Armor: Leather armour    |     2 |       ||     2
       Ring mail         |    18 |       ||    18
       Chain mail        |    62 |    35 ||    97
       Skin              |       |     6 ||     6
Dodge: Dodged            |    93 |    15 ||   108
Block: Other             |       |     6 ||     6
